Map: Submarine LE

Players

Arctur

  • Race: Terran Terran
  • Spawn Location: 5:00

AqueroN - Winner!

  • Race: Terran Terran
  • League: Grandmaster
  • Spawn Location: 11:00

Event: DreamHack SC2 Masters 2020 Winter

VOD

Have the link to the VOD?

Description

Time

  • Played on: Oct. 16, 2020, 2:45 p.m.
  • Length: 10:42

All games in this series

Show
View Real Time Build Order
Export as new Build Order

Arctur Terran 

Build Orders: 1/1/1 

Get SALT Encoding   

  12  0:00  SCV  
  13  0:12  SCV  
  14  0:17  Supply Depot  
  14  0:24  SCV  
  14  0:28  Refinery  
  15  0:38  SCV  
  16  0:44  Barracks  
  16  0:50  SCV  
  16  0:54  Refinery  
  17  1:02  SCV  
  18  1:14  SCV  
  19  1:32  Reaper, Orbital Command  
  20  1:35  Factory  
  20  1:46  Supply Depot  
  20  1:57  SCV  
  21  2:04  Barracks Reactor  
  21  2:09  SCV  
  22  2:19  Hellion  
  22  2:20  Starport  
  22  2:21  SCV  
  25  2:27  Supply Depot  
  25  2:33  SCV  
  26  2:41  Reaper x2  
  26  2:42  Hellion  
  30  2:46  SCV  
  31  2:56  Medivac  
  33  3:00  Supply Depot  
  33  3:04  Hellion  
  35  3:13  Reaper x2  
  37  3:28  Factory Tech Lab  
  38  3:56  SCV, Command Center  
  38  3:58  Supply Depot  
  38  4:07  Marine x2, Siege Tank  
  38  4:08  SCV  
  38  4:09  Starport Tech Lab  
  37  4:14  Supply Depot  
  36  4:20  SCV  
  37  4:25  Marine x2  
  37  4:27  Refinery  
  37  4:29  Raven  
  41  4:33  SCV  
  42  4:39  Siege Tank  
  42  4:43  Marine  
  45  4:48  SCV  
  45  4:50  Marine  
  47  5:00  SCV  
  48  5:07  Orbital Command  
  48  5:12  SCV  
  49  5:15  Siege Tank  
  52  5:21  Viking x2, Marine  
  52  5:28  Refinery  
  57  5:30  SCV  
  57  5:34  SCV  
  57  5:35  Supply Depot  
  59  5:47  Siege Tank  
  59  5:48  SCV  
  63  5:51  Viking  
  63  5:54  SCV  
  66  6:00  Viking  
  66  6:02  SCV, Marine  
  70  6:06  SCV  
  71  6:14  SCV, Stimpack  
  71  6:18  SCV  
  73  6:21  Viking  
  73  6:24  Supply Depot, Marine  
  76  6:27  SCV  
  76  6:30  Viking  
  76  6:32  SCV, Siege Tank  
  81  6:39  SCV  
  82  6:40  Supply Depot  
  81  6:54  Viking  
  81  6:55  Marine  
  81  7:00  SCV x2, Viking  
  87  7:04  Siege Tank  
  89  7:12  SCV  
  88  7:24  Viking  
  88  7:30  Viking  
  88  7:32  Marine  
  88  7:36  Siege Tank  
  89  7:47  Command Center  
  89  7:50  Marine  
  90  7:54  Viking  
  92  8:00  Viking, Combat Shield  
  94  8:08  Barracks x2, Siege Tank  
  97  8:25  Viking  
  99  8:30  Viking  
  97  8:34  SCV  
  97  8:38  SCV  
  88  8:43  Marine  
  88  8:46  SCV  
  88  8:47  Siege Tank  
  95  9:00  Barracks Reactor  
  95  9:01  Barracks Reactor  
Show
View Real Time Build Order
Export as new Build Order

AqueroN Terran - Winner!

Build Orders:  

Get SALT Encoding   

  12  0:00  SCV  
  13  0:12  SCV  
  14  0:17  Supply Depot  
  14  0:24  SCV  
  15  0:30  Refinery  
  15  0:38  SCV  
  16  0:44  Barracks  
  16  0:50  SCV  
  17  0:58  Refinery  
  17  1:02  SCV  
  18  1:15  SCV  
  19  1:31  Reaper, Orbital Command  
  20  1:36  Factory  
  20  1:46  Supply Depot  
  20  1:57  SCV  
  21  2:03  Reaper  
  22  2:10  SCV  
  23  2:20  Hellion  
  23  2:22  SCV  
  26  2:32  Command Center  
  26  2:34  SCV  
  26  2:36  Reaper  
  28  2:42  Supply Depot  
  28  2:46  Hellion  
  28  2:47  SCV  
  31  2:56  Starport  
  31  3:04  SCV  
  32  3:08  Factory Tech Lab  
  32  3:09  Barracks Reactor  
  32  3:16  SCV  
  33  3:22  Refinery  
  33  3:28  SCV, Cyclone  
  36  3:36  Viking  
  36  3:40  SCV  
  38  3:45  Marine x2  
  38  3:48  Orbital Command  
  35  4:00  Cyclone  
  29  4:09  SCV  
  28  4:15  Marine x2  
  30  4:18  SCV  
  30  4:22  SCV  
  32  4:30  SCV  
  33  4:32  Siege Tank  
  36  4:44  SCV x2  
  38  4:50  Viking x2  
  42  4:56  SCV  
  42  4:58  Marine  
  42  4:59  Supply Depot  
  44  5:02  SCV  
  45  5:11  Siege Tank  
  45  5:13  SCV  
  49  5:18  SCV  
  50  5:26  Viking  
  52  5:32  Viking  
  52  5:33  SCV  
  55  5:37  Supply Depot  
  55  5:40  SCV  
  56  5:46  Siege Tank  
  56  5:49  Supply Depot  
  59  5:52  Marine  
  60  5:58  Viking  
  61  6:05  Viking  
  61  6:07  SCV  
  61  6:08  SCV  
  65  6:12  Marine  
  65  6:15  Supply Depot  
  66  6:19  SCV  
  66  6:20  SCV  
  66  6:23  Siege Tank  
  71  6:30  Viking  
  73  6:33  Marine  
  73  6:35  SCV x2  
  76  6:43  Viking  
  78  6:49  SCV x2  
  80  6:56  Siege Tank  
  80  6:59  Supply Depot  
  80  7:00  Supply Depot  
  83  7:02  SCV x2  
  85  7:14  SCV  
  85  7:15  Viking  
  85  7:18  Supply Depot  
  85  7:22  Liberator  
  85  7:24  SCV  
  85  7:26  SCV  
  87  7:37  SCV  
  88  7:38  SCV  
  88  7:41  Siege Tank  
  89  7:51  SCV x2  
  89  7:52  Viking  
  93  8:02  Command Center  
  93  8:03  SCV x2  
  95  8:06  Viking  
  97  8:13  Siege Tank  
  97  8:15  SCV  
  97  8:16  SCV  
  102  8:22  Viking  
  104  8:28  SCV x2  
  106  8:40  SCV x2  
  108  8:44  Marine  
  109  8:50  Supply Depot x2, Barracks x2  
  109  8:52  SCV  
  110  9:10  Supply Depot, Refinery  
  110  9:11  Viking, SCV, Siege Tank, Liberator  
  110  9:12  Bunker  
Tags
 
Add a new tag
Caveats
  • Supply blocks, unpowered buildings, or Contaminate may cause inaccurate times.
  • Supply counts are checked every 10 seconds.